 Dungeon Crawl Stone Soup version 0.26-a0-708-g17f3b190f9 (webtiles) character file.

Game seed: 12479467367651937922

15020 demibob the Martial Artist (level 11, -3/76 HPs)
             Began as a Demonspawn Monk on Oct 29, 2020.
             Was a Believer of Uskayaw.
             Slain by a skeletal warrior
             ... wielding a +0 dire flail
             ... led by a skeletal warrior
              (27 damage)
             ... on level 10 of the Dungeon on Oct 30, 2020.
             The game lasted 00:31:41 (13548 turns).

demibob the Martial Artist (Demonspawn Monk)       Turns: 13548, Time: 00:31:42

Health: -3/76      AC:  9    Str: 15    XL:     11   Next: 96%
Magic:  26/26      EV: 17    Int: 12    God:    Uskayaw [**....]
Gold:   697        SH: 11    Dex: 17    Spells: 10/10 levels left

rFire    + . .     SeeInvis .     - Unarmed
rCold    + . .     Faith    .   z - +0 kite shield
rNeg     . . .     Spirit   .   m - +1 robe "Bac Zuet" {Rampage rC+ MP+9 Dex+2}
rPois    .         Reflect  .   b - +1 helmet
rElec    .         Harm     .   n - scarf {repulsion}
rCorr    .         Rampage  +   (no gloves)
MR       .....                  (no boots)
Stlth    ++........             (no amulet)
HPRegen  0.22/turn              y - ring of protection from fire
MPRegen  0.20/turn              C - +4 ring of evasion

@: repel missiles
A: claws 1, iridescent scales 2, foul stench 1, powered by death 1, rot immunity
a: Stomp, Line Pass, Renounce Religion


You were on level 10 of the Dungeon.
You worshipped Uskayaw.
Uskayaw was aware of your devotion.
You visited 2 branches of the dungeon, and saw 11 of its levels.

You collected 796 gold pieces.
You spent 99 gold pieces at shops.

Inventory:

Hand Weapons
 g - a +7 vorpal double sword
Missiles
 q - 2 atropa-tipped darts (quivered)
Armour
 b - a +1 helmet (worn)
 i - a +3 scale mail
 m - the +1 robe "Bac Zuet" (worn) {Rampage rC+ MP+9 Dex+2}
   (You found it on level 4 of the Dungeon)

   It affects your dexterity (+2).
   It protects you from cold.
   It affects your magic capacity (+9).
   It bestows one free step when moving towards enemies.
 n - a scarf of repulsion (worn)
 z - a +0 kite shield (worn)
Jewellery
 u - a +6 ring of strength
 y - a ring of protection from fire (left claw)
 B - an uncursed ring of protection from fire
 C - a +4 ring of evasion (right claw)
Wands
 c - a wand of paralysis (5)
 f - a wand of flame (6)
 p - a wand of polymorph (7)
 t - a wand of acid (11)
 v - a wand of iceblast (1)
Scrolls
 a - 4 scrolls of enchant weapon
 e - a scroll of fog
 h - 4 scrolls of teleportation
 j - 2 scrolls of remove curse
 k - 2 scrolls of identify
 o - a scroll of amnesia
 x - a scroll of enchant armour
 A - 2 scrolls of brand weapon
Potions
 d - a potion of cancellation
 l - 4 potions of flight
 r - a potion of magic
 s - 4 potions of lignification
 w - 4 potions of curing


   Skills:
 - Level 3.8 Fighting
 - Level 5.9 Armour
 - Level 4.2 Dodging
 - Level 1.7 Stealth
 + Level 8.1 Shields
 + Level 14.1 Unarmed Combat
 - Level 8.4 Invocations


You had 10 spell levels left.
You didn't know any spells.
Your spell library contained the following spells:

 Spells                   Type           Power        Failure   Level
 Freeze                   Ice            #...         63%         1
 Confusing Touch          Hex            #.......     94%         3
 Frozen Ramparts          Ice            #.....       94%         3
 Gell's Gravitas          Tloc           #.........   94%         3
 Ozocubu's Armour         Ice            #.......     94%         3
 Hailstorm                Conj/Ice       #.......     100%        4
 Petrify                  Tmut/Erth      #.......     100%        4
 Summon Ice Beast         Ice/Summ       #.......     100%        4
 Metabolic Englaciation   Hex/Ice        #.........   100%        5
 Yara's Violent Unravell  Hex/Tmut       #.........   100%        5


Dungeon Overview and Level Annotations

Branches:
Dungeon (10/15)            Temple (0/1) D:4            Lair (1/6) D:8
    Orc: D:9-12

Altars:
Okawaru
Uskayaw
Xom
Yredelemnul
The Shining One

Shops:
D:4 !

Annotations:
D:8 2 transporters, 1 exclusion, Ludicrosity's ghost, novice GrIE
Lair:1 exclusion: oklob plant


Innate Abilities, Weirdness & Mutations

You have sharp fingernails.
You are mostly covered in iridescent scales. (AC +4)
You may emit foul miasma when damaged in melee.
You regenerate a little health from kills.
You are immune to rotting.


Message History

The skeletal warrior is severely damaged.
The skeletal warrior hits you with a +0 rapier.
You can now pass through a line of other dancers.
You claw the skeletal warrior!
The skeletal warrior is severely damaged.
A skeletal warrior comes into view. It is wielding a +0 dire flail.
You closely miss the skeletal warrior.
The skeletal warrior is severely damaged.
You block the skeletal warrior's attack.
You barely miss the skeletal warrior.
The skeletal warrior is severely damaged.
The skeletal warrior hits you with a +0 rapier!!
You are too injured to fight recklessly!
You are too injured to fight recklessly!
You claw the skeletal warrior!
The skeletal warrior is almost destroyed.
You block the skeletal warrior's attack.
The skeletal warrior hits you with a +0 rapier.
The skeletal warrior hits you with a +0 dire flail!!
You die...

#.## #.## .# #.## #.# #.##
#.# ###.#. #+ ###.##
#..... ... ##....# ##.###.
.... #...#.# #..# #. .....
##@z..# #..###.
......###zz..#######......
......z............>......
......###....#######.##...
..... #....# #...... ....
####.# ####†## ..z #.# #†#
#' #.# #.# # ..# #.#


You could see 3 skeletal warriors.

Vanquished Creatures
  A hydra (D:8)
  Harold (Lair:1)
  2 two-headed ogres (D:8)
  Urug (Lair:1)
  A skeletal warrior (D:10)
  An elephant (Lair:1)
  Joseph (Lair:1)
  3 cane toads (Lair:1)
  2 komodo dragons (Lair:1)
  A troll (D:9)
  3 blink frogs (Lair:1)
  2 wyverns (Lair:1)
  Sigmund (D:6)
  A basilisk (Lair:1)
  13 yaks
  Menkaure (D:7)
  3 wargs (D:8)
  9 water moccasins
  Duvessa (D:7)
  4 black bears
  An ice beast (D:6)
  4 sky beasts
  3 orc warriors
  2 phantoms
  2 ogres (D:8)
  4 centaurs
  A big kobold (D:9)
  7 bullfrogs
  Dowan (D:7)
  4 scorpions
  5 killer bees (D:8)
  5 wights
  2 howler monkeys
  A quasit (D:5)
  A bullfrog zombie (D:10)
  4 jellies
  2 bullfrog skeletons
  2 centaur skeletons
  6 orc priests
  A gnoll shaman (D:4)
  2 hounds
  9 orc wizards
  2 iguanas
  4 worker ants
  5 gnolls (D:4)
  5 adders
  3 shadow imps
  A white imp (D:5)
  An adder zombie (D:8)
  An adder skeleton (D:8)
  3 worms
  3 dart slugs (D:1)
  5 leopard geckos
  37 orcs
  A ball python (D:4)
  5 bats
  4 giant cockroaches
  6 goblins
  9 hobgoblins
  7 jackals
  4 quokkas
  5 frilled lizards
  6 kobolds
  2 rats
240 creatures vanquished.

Vanquished Creatures (others)
  24 fungi
  11 plants
  3 toadstools (D:8)
38 creatures vanquished.

Grand Total: 278 creatures vanquished

Notes
Turn   | Place    | Note
-------+----------+-------------------------------------------
     0 | D:1      | demibob the Demonspawn Monk began the quest for the Orb.
     0 | D:1      | Reached XP level 1. HP: 18/18 MP: 1/1
   135 | D:1      | Reached skill level 3 in Unarmed Combat
   181 | D:1      | Gained mutation: You are partially covered in iridescent
                  | scales. (AC +2) [demonic ancestry]
   181 | D:1      | Reached XP level 2. HP: 6/24 MP: 2/2
  1150 | D:1      | Reached XP level 3. HP: 29/29 MP: 3/3
  1905 | D:1      | Reached skill level 4 in Unarmed Combat
  2152 | D:2      | Found a faded altar of an unknown god.
  2501 | D:2      | Became a worshipper of Uskayaw the Reveler
  2501 | D:2      | Reached * piety under Uskayaw
  2501 | D:2      | Reached ** piety under Uskayaw
  2725 | D:3      | Gained mutation: You are immune to rotting. [demonic
                  | ancestry]
  2725 | D:3      | Reached XP level 4. HP: 16/35 MP: 4/4
  2943 | D:3      | Reached skill level 1 in Armour
  3060 | D:3      | Reached *** piety under Uskayaw
  3177 | D:2      | Reached skill level 5 in Armour
  3177 | D:2      | Reached skill level 7 in Unarmed Combat
  3177 | D:2      | Gained mutation: You may emit foul miasma when damaged in
                  | melee. [demonic ancestry]
  3177 | D:2      | Reached XP level 5. HP: 41/41 MP: 4/11
  3178 | D:2      | Reached skill level 11 in Unarmed Combat
  3178 | D:2      | Reached XP level 6. HP: 47/47 MP: 4/12
  3736 | D:4      | Found a staircase to the Ecumenical Temple.
  3818 | D:4      | Reached **** piety under Uskayaw
  3823 | D:4      | Reached XP level 7. HP: 39/52 MP: 13/13
  3950 | D:4      | Found a shimmering altar of Xom.
  3952 | D:4      | Found a shimmering altar of Xom.
  3955 | D:4      | Found a shimmering altar of Xom.
  3957 | D:4      | Found a shimmering altar of Xom.
  3957 | D:4      | Found a shimmering altar of Xom.
  3959 | D:4      | Found a shimmering altar of Xom.
  3963 | D:4      | Found a shimmering altar of Xom.
  3964 | D:4      | Found a shimmering altar of Xom.
  4041 | D:4      | Got a transparent robe
  4052 | D:4      | Identified the +1 robe "Bac Zuet" {Rampage rC+ MP+9 Dex+2}
                  | (You found it on level 4 of the Dungeon)
  4205 | D:4      | Found Waypes's Distillery.
  4208 | D:4      | Bought a potion of heal wounds for 55 gold pieces
  4208 | D:4      | Bought a potion of might for 44 gold pieces
  4606 | D:5      | Entered Level 5 of the Dungeon
  5023 | D:5      | Reached ***** piety under Uskayaw
  5197 | D:5      | Found a glowing golden altar of the Shining One.
  5870 | D:6      | Gained mutation: You have sharp fingernails. [demonic
                  | ancestry]
  5870 | D:6      | Reached XP level 8. HP: 33/58 MP: 14/14
  6398 | D:6      | Noticed Sigmund
  6401 | D:6      | Killed Sigmund
  6838 | D:7      | Noticed Menkaure
  6862 | D:7      | Killed Menkaure
  7125 | D:7      | Noticed Duvessa
  7125 | D:7      | Noticed Dowan
  7129 | D:7      | Killed Duvessa
  7129 | D:7      | Reached skill level 12 in Unarmed Combat
  7132 | D:7      | Killed Dowan
  7454 | D:7      | Found a basalt altar of Yredelemnul.
  7467 | D:7      | Reached XP level 9. HP: 64/64 MP: 15/15
  8072 | D:8      | Found a staircase to the Lair.
  8260 | D:8      | Noticed a two-headed ogre
  8276 | D:8      | Noticed a six-headed hydra
  8294 | D:8      | Killed a two-headed ogre
  8489 | D:8      | Killed a six-headed hydra
  8489 | D:8      | Gained mutation: You are mostly covered in iridescent
                  | scales. (AC +4) [demonic ancestry]
  8489 | D:8      | Reached XP level 10. HP: 54/71 MP: 16/16
  8793 | D:8      | Reached skill level 1 in Shields
  8942 | D:8      | Found a transporter.
  8953 | D:8      | Found a transporter.
  8953 | D:8      | Noticed Ludicrosity's ghost (novice GrIE)
  9408 | D:8      | Found an iron altar of Okawaru.
  9493 | D:8      | Noticed a two-headed ogre
  9499 | D:8      | Killed a two-headed ogre
  9999 | Lair:1   | Entered Level 1 of the Lair of Beasts
 10035 | Lair:1   | Reached skill level 5 in Shields
 10060 | Lair:1   | Gained mutation: You regenerate a little health from kills.
                  | [demonic ancestry]
 10060 | Lair:1   | Reached XP level 11. HP: 52/76 MP: 17/17
 10205 | Lair:1   | Noticed Harold
 10219 | Lair:1   | Killed Harold
 10544 | Lair:1   | Reached skill level 13 in Unarmed Combat
 10709 | Lair:1   | Noticed Urug
 10727 | Lair:1   | Killed Urug
 11051 | Lair:1   | Noticed Joseph
 11066 | Lair:1   | Killed Joseph
 12017 | Lair:1   | Noticed an oklob plant
 12266 | Lair:1   | Noticed a death yak
 12266 | Lair:1   | Noticed a death yak
 12267 | Lair:1   | Noticed a death yak
 12267 | Lair:1   | Noticed a death yak
 12267 | Lair:1   | Noticed a death yak
 13158 | D:10     | Entered Level 10 of the Dungeon
 13250 | D:10     | Reached skill level 14 in Unarmed Combat
 13383 | D:10     | Noticed a skeletal warrior
 13404 | D:10     | Killed a skeletal warrior
 13532 | D:10     | Noticed a skeletal warrior
 13534 | D:10     | Noticed a skeletal warrior
 13545 | D:10     | Noticed a skeletal warrior
 13548 | D:10     | Slain by a skeletal warrior

Illustrated notes

Levels and vault maps discovered:
D:1:      sevenhm_arrival_forest_fort_large_4, layout_basic
D:2:      layout_rooms, chequers_ecumenical_altar_island,
          kennysheep_generic_room_14
D:3:      layout_basic
D:4:      layout_basic, minmay_temple_entry_water_ring, serial_shops,
          kennysheep_mini_moat, dk_noncrumbling_2, xom_redecorated
D:5:      layout_basic, tso_metal_star
D:6:      layout_basic, uniq_sigmund
D:7:      layout_loops_ring, basic_altar, uniq_duvessa, uniq_menkaure
D:8:      minmay_chambers_of_sixes, layout_basic, kennysheep_okawaru_gauntlet,
          erik_lair_orcish_takeover, gammafunk_ghost_mausoleum,
          minmay_gold_behind_fungi, minmay_holes
D:9:      layout_long_grid
D:10:     minmay_sliced_demisemicircle, layout_loops_corners, serial_shops,
          shop, minmay_puff
Lair:1:   layout_regular_city, nzn_random_ring, grunt_megastairs_1,
          infiniplex_staircase_pool, uniq_joseph, uniq_urug, uniq_harold

Skill      XL: |  1  2  3  4  5  6  7  8  9 10 11 |
---------------+----------------------------------+-----
Unarmed Combat | 3 4 7 11 12 14 | 14.1
Armour         | 5 |  5.9
Invocations    | 8 |  8.4
Dodging        | 3 4 |  4.2
Shields        | 5 8 |  8.1
Fighting       | |  3.8
Stealth        | |  1.7

Action                   |  1- 3 |  4- 6 |  7- 9 | 10-12 || total
-------------------------+-------+-------+-------+-------++-------
Melee: Unarmed           |   180 |   106 |   249 |   353 ||   888
       Punch             |     2 |     3 |    19 |       ||    24
Throw: Dart              |     1 |       |     5 |     2 ||     8
Invok: Stomp             |       |       |     1 |     3 ||     4
Evoke: Wand              |       |       |    10 |    11 ||    21
  Use: Scroll            |     8 |     2 |    12 |     6 ||    28
       Potion            |       |     2 |     5 |     7 ||    14
 Stab: Sleeping          |     5 |       |    10 |     4 ||    19
       Paralysed         |       |     3 |     7 |    19 ||    29
       Invisible         |       |       |       |     3 ||     3
Armor: Robe              |    14 |       |    31 |    32 ||    77
       Leather armour    |    32 |    12 |       |       ||    44
       Scale mail        |       |    21 |     8 |       ||    29
Dodge: Dodged            |    97 |    34 |   108 |   116 ||   355
Block: Kite shield       |       |       |       |   121 ||   121

Table legend: (Time is in decaauts)
 A = Elapsed time spent in this place.
 B = Non-inter-level travel time spent in this place.
 C = Inter-level travel time spent in this place.
 D = Time resting spent in this place.
 E = Time spent auto-exploring this place.
 F = Levels seen in this place.
 G = Mean time per level.
                   A        B        C        D        E       F      G
               +--------+--------+--------+--------+--------+-----+--------+
         Total |  13463 |  13045 |    418 |   3306 |   7954 |  11 | 1223.9 |
       Dungeon |  11171 |  10778 |    393 |   2086 |   7176 |  10 | 1117.1 |
          Lair |   2292 |   2267 |     25 |   1220 |    778 |   1 | 2292.0 |
               +--------+--------+--------+--------+--------+-----+--------+

Top non-repeatable levels by time:
     D:8: 2367 daAuts
  Lair:1: 2292 daAuts
     D:1: 1936 daAuts
     D:3: 1096 daAuts
     D:5: 1055 daAuts
     D:6: 1027 daAuts
     D:7: 991 daAuts
     D:4: 969 daAuts
     D:9: 760 daAuts
     D:2: 586 daAuts
    D:10: 379 daAuts
